[Event "SWVG Arnold Classic Prestige All 2019"]
[Site "Sandton"]
[Date "2019.05.18"]
[Round "4.11"]
[White "Mpya, Tshediso M"]
[Black "Mbedza, Richard"]
[Result "1-0"]
[ECO "A45"]
[WhiteElo "1958"]
[BlackElo "1886"]
[Annotator "NA"]
[PlyCount "99"]
[EventDate "2019.05.18"]
[EventType "swiss"]
[EventCountry "RSA"]
[SourceTitle "playchess.com"]
[Source "ChessBase"]
[SourceQuality "1"]
[TimeControl "1500+10"]

1. d4 Nf6 2. Bf4 d6 3. Nc3 Nbd7 4. Nf3 g6 5. e4 Nh5 6. Bg5 c6 7. e5 Nb6 8. Bd3 Bg7 9. h3 f6 10. g4 fxg5 11. gxh5 Bf5 12. Bxf5 gxf5 13. Nxg5 Bh6 14. h4 dxe5 15. dxe5 Qc7 16. Qe2 Bxg5 17. hxg5 e6 18. O-O-O Nd5 19. Nxd5 cxd5 20. Rh3 Qd7 21. f4 O-O-O 22. Rd4 Kb8 23. Ra3 Rc8 24. Qe3 a6 25. Rb4 Qc6 26. c3 Rhd8 27. Qd4 Ka8 28. Rb6 Qc4 29. Qxc4 Rxc4 30. Rab3 Rd7 31. R3b4 Rxb4 32. cxb4 Re7 33. Rd6 Kb8 34. Rd8+ Ka7 35. h6 Rc7+ 36. Kd2 Rc4 37. Rd7 Rxf4 38. Rxh7 Rg4 39. Rg7 f4 40. h7 Rh4 41. g6 Rh6 42. Rg8 Rh2+ 43. Kc3 f3 44. h8=Q f2 45. Ra8+ Kb6 46. Qd8+ Kb5 47. Qd7+ Kb6 48. Qd6+ Kb5 49. Qc5+ Ka4 50. Qa5# 1-0

[Event "SWVG Arnold Classic Prestige All 2019"]
[Site "Sandton"]
[Date "2019.05.18"]
[Round "4.12"]
[White "Oosthuizen, Michal Jacobus"]
[Black "Klevansky, Aron"]
[Result "1-0"]
[ECO "A20"]
[WhiteElo "1512"]
[BlackElo "1878"]
[Annotator "NA"]
[PlyCount "47"]
[EventDate "2019.05.18"]
[EventType "swiss"]
[EventCountry "RSA"]
[SourceTitle "playchess.com"]
[Source "ChessBase"]
[SourceQuality "1"]
[TimeControl "1500+10"]

1. c4 e5 2. g3 Nf6 3. Bg2 c6 4. d3 d5 5. Nc3 dxc4 6. dxc4 Qxd1+ 7. Kxd1 Be6 8. b3 Bc5 9. e3 Na6 10. a3 O-O-O+ 11. Ke2 Bf5 12. Bh3 Ng4 13. f3 Nh6 14. b4 Be7 15. e4 Bxh3 16. Nxh3 Nc7 17. Be3 b6 18. b5 cxb5 19. cxb5 Rd7 20. Nf2 Rhd8 21. Rhd1 Ng8 22. Nd3 Bd6 23. f4 f6 24. f5 1-0

[Event "SWVG Arnold Classic Prestige All 2019"]
[Site "Sandton"]
[Date "2019.05.18"]
[Round "5.3"]
[White "Khumalo, Keith"]
[Black "Makoto, Rodwell"]
[Result "1/2-1/2"]
[ECO "A86"]
[WhiteElo "2086"]
[BlackElo "2369"]
[Annotator "NA"]
[PlyCount "208"]
[EventDate "2019.05.18"]
[EventType "swiss"]
[EventCountry "RSA"]
[SourceTitle "playchess.com"]
[Source "ChessBase"]
[SourceQuality "1"]
[TimeControl "1500+10"]

1. d4 f5 2. c4 Nf6 3. g3 g6 4. Bg2 Bg7 5. Nc3 O-O 6. Nh3 d6 7. d5 Nbd7 8. O-O Ne5 9. Qb3 Kh8 10. Nf4 c6 11. Rd1 Qe8 12. Nd3 h6 13. Re1 g5 14. f4 gxf4 15. Nxf4 cxd5 16. Ncxd5 Nxd5 17. cxd5 b5 18. Bd2 a5 19. a3 a4 20. Qc2 Bd7 21. Bc3 Rc8 22. Qd2 Qf7 23. Rab1 Nc4 24. Qd3 Bxc3 25. Qxc3+ Ne5 26. Qd2 Rc4 27. Ne6 Rfc8 28. Qxh6+ Qh7 29. Qxh7+ Kxh7 30. Rf1 Bxe6 31. dxe6 Kg6 32. Rbe1 Rc2 33. e4 Rxb2 34. exf5+ Kf6 35. Be4 d5 36. Bxd5 Rcc2 37. Rc1 Rxh2 38. Rc8 Rhd2 39. Be4 Re2 40. Bd5 Re3 41. Rg8 Rxa3 42. Be4 Re3 43. Bd5 a3 44. g4 Rg3+ 45. Kh1 Rxg4 46. Rf8+ Kg7 47. Re8 a2 48. f6+ exf6 49. Rg8+ Kh6 50. Rh8+ Kg5 51. Rg8+ Kh4 52. Rh8+ Kg3 53. Bxa2 Ng6 54. Rg1+ Kf4 55. Rf1+ Ke5 56. Rh5+ Rg5 57. Re1+ Kf4 58. Rf1+ Kg4 59. Rh2 Rxh2+ 60. Kxh2 f5 61. Bb3 f4 62. Bc2 Rh5+ 63. Kg1 Nh4 64. Bd1+ f3 65. Re1 Kg3 66. Re3 Rd5 67. Bb3 Rc5 68. Kf1 Ng2 69. Rd3 Rc1+ 70. Bd1 Rxd1+ 71. Rxd1 Ne3+ 72. Ke1 Nxd1 73. e7 f2+ 74. Kd2 f1=Q 75. e8=Q Nf2 76. Qe3+ Kg2 77. Qg5+ Kh2 78. Qf4+ Kh1 79. Qf3+ Qg2 80. Qh5+ Kg1 81. Qxb5 Ne4+ 82. Ke3 Nd2 83. Qe2 Nf1+ 84. Kd3 Qd5+ 85. Kc3 Qc5+ 86. Qc4 Qa3+ 87. Qb3 Qa5+ 88. Qb4 Qa1+ 89. Kb3 Qd1+ 90. Ka3 Ne3 91. Ka2 Kf2 92. Qb2+ Kf3 93. Qb7+ Ke2 94. Qb5+ Kf2 95. Qb2+ Kf3 96. Qb7+ Kf4 97. Qb4+ Ke5 98. Qb2+ Kf4 99. Qb8+ Kg4 100. Qb4+ Kg5 101. Qe7+ Kf4 102. Qc7+ Ke4 103. Qb7+ Nd5 104. Qb1+ Ke5 1/2-1/2

[Event "SWVG Arnold Classic Prestige All 2019"]
[Site "Sandton"]
[Date "2019.05.18"]
[Round "5.4"]
[White "Zwakala, Ntando"]
[Black "Simpson, Michael M"]
[Result "1-0"]
[ECO "D09"]
[WhiteElo "2088"]
[BlackElo "1995"]
[Annotator "NA"]
[PlyCount "51"]
[EventDate "2019.05.18"]
[EventType "swiss"]
[EventCountry "RSA"]
[SourceTitle "playchess.com"]
[Source "ChessBase"]
[SourceQuality "1"]
[TimeControl "1500+10"]

1. Nf3 Nc6 2. d4 d5 3. c4 e5 4. dxe5 d4 5. g3 Nge7 6. Bg2 Ng6 7. O-O Bc5 8. Nbd2 a5 9. Nb3 Ba7 10. c5 a4 11. Nbxd4 Nxd4 12. Qxd4 Qxd4 13. Nxd4 Bxc5 14. Nb5 Bb6 15. Be3 Ra5 16. Bxb6 Rxb5 17. Bxc7 Rxb2 18. Bd6 Rxe2 19. Rfc1 Bd7 20. Bxb7 Rb2 21. Bg2 f6 22. Rab1 Rxb1 23. Rxb1 fxe5 24. Rb7 Nf8 25. Rb8+ Kf7 26. Bd5+ 1-0

[Event "SWVG Arnold Classic Prestige All 2019"]
[Site "Sandton"]
[Date "2019.05.18"]
[Round "5.5"]
[White "Sithole, Collins"]
[Black "Oatlhotse, Providence"]
[Result "0-1"]
[ECO "A05"]
[WhiteElo "1861"]
[BlackElo "2289"]
[Annotator "NA"]
[PlyCount "148"]
[EventDate "2019.05.18"]
[EventType "swiss"]
[EventCountry "RSA"]
[SourceTitle "playchess.com"]
[Source "ChessBase"]
[SourceQuality "1"]
[TimeControl "1500+10"]

1. Nf3 Nf6 2. g3 b6 3. Bg2 Ba6 4. d3 d5 5. Nbd2 Nbd7 6. c4 c6 7. O-O e6 8. b3 Be7 9. Bb2 O-O 10. a3 b5 11. Nd4 Rc8 12. cxb5 cxb5 13. Rc1 Nc5 14. N2f3 Qb6 15. Qd2 Bb7 16. b4 Na4 17. Ba1 Rxc1 18. Rxc1 Rc8 19. Ne5 Rxc1+ 20. Qxc1 Bd6 21. Nb3 a6 22. Bd4 Qd8 23. Na5 Ba8 24. h3 Qb8 25. Bf3 h6 26. Qe3 Qc7 27. Kg2 Nd7 28. Nxd7 Qxd7 29. Nb3 Qc7 30. Bc5 Bc6 31. Bxd6 Qxd6 32. Nc5 d4 33. Qf4 Bxf3+ 34. Kxf3 Qd5+ 35. Qe4 Nxc5 36. bxc5 Qxc5 37. Qa8+ Kh7 38. Qxa6 Qd5+ 39. e4 Qb3 40. Kf4 Qxd3 41. h4 Qd2+ 42. Kf3 Qd3+ 43. Kf4 Qd2+ 44. Kf3 Qd1+ 45. Kg2 Qe2 46. Qb7 d3 47. Qxf7 Qxe4+ 48. Qf3 Qd4 49. h5 d2 50. Qd1 e5 51. f3 e4 52. fxe4 Qxe4+ 53. Kf2 Qd3 54. g4 Kh8 55. Kg2 Kg8 56. Kf2 Kf7 57. Kg2 Ke6 58. Kf2 Kd5 59. Qh1+ Qe4 60. Qd1 Qd4+ 61. Kf3 Kc4 62. Kg3 Qe3+ 63. Kg2 Qd3 64. Kf2 Kc3 65. Qa1+ Kb3 66. Qd1+ Kxa3 67. Qa1+ Kb3 68. Qd1+ Kb2 69. Kg2 b4 70. Kf2 b3 71. g5 hxg5 72. Kg2 Ka2 73. h6 gxh6 74. Kf2 Qc2 0-1

[Event "SWVG Arnold Classic Prestige All 2019"]
[Site "Sandton"]
[Date "2019.05.18"]
[Round "5.6"]
[White "Mnguni, Jacob Dumisani"]
[Black "Simutowe, Musatwe"]
[Result "1-0"]
[ECO "A11"]
[WhiteElo "2141"]
[BlackElo "2170"]
[Annotator "NA"]
[PlyCount "148"]
[EventDate "2019.05.18"]
[EventType "swiss"]
[EventCountry "RSA"]
[SourceTitle "playchess.com"]
[Source "ChessBase"]
[SourceQuality "1"]
[TimeControl "1500+10"]

1. c4 Nf6 2. g3 c6 3. Bg2 d5 4. Qc2 g6 5. Nf3 Bg7 6. O-O O-O 7. d3 Nbd7 8. Nc3 dxc4 9. dxc4 Qa5 10. e4 Ng4 11. Bg5 Re8 12. h4 Qb4 13. Nd2 h6 14. a3 Qb6 15. Na4 Qd4 16. Nf3 Qd6 17. Rad1 Qc7 18. Bc1 Ndf6 19. Rfe1 e5 20. c5 Be6 21. b4 Rad8 22. Bb2 Nd7 23. Nd2 b5 24. Nc3 a5 25. Nb3 axb4 26. axb4 Nb8 27. Ra1 Rd7 28. Red1 Red8 29. Bf1 Bf8 30. Rxd7 Rxd7 31. Nd1 Nf6 32. Na5 Rd8 33. Ne3 Ng4 34. Nxg4 Bxg4 35. Qc3 Rd4 36. Qe1 Rd7 37. Be2 Be6 38. Bc3 f6 39. Qc1 Kf7 40. f4 Bg7 41. fxe5 fxe5 42. Qe3 Kg8 43. Rf1 Kh7 44. Bf3 Rd8 45. Rd1 Bf8 46. Rxd8 Qxd8 47. Bxe5 Na6 48. Bc3 Qe8 49. Qd4 Kg8 50. Qh8+ Kf7 51. Nb7 Qd7 52. Qf6+ Ke8 53. Qxg6+ Bf7 54. Nd6+ Bxd6 55. Qxd6 Qxd6 56. cxd6 Kd7 57. e5 c5 58. Bg4+ Be6 59. Bxe6+ Kxe6 60. bxc5 Nxc5 61. Kg2 Nd3 62. Kf3 b4 63. Ke3 Nc5 64. Bxb4 Nd7 65. Bc3 Nb6 66. Kf3 Nd5 67. Bd4 h5 68. g4 Nb4 69. gxh5 Nc6 70. Bc3 Nd8 71. h6 Nf7 72. h7 Nh8 73. d7 Nf7 74. h8=Q Kd5 {[%emt 0:08:13] Ke4+} 1-0

[Event "SWVG Arnold Classic Prestige All 2019"]
[Site "Sandton"]
[Date "2019.05.18"]
[Round "5.7"]
[White "Masiya, Mfundo"]
[Black "Mpya, Tshediso M"]
[Result "1/2-1/2"]
[ECO "A01"]
[WhiteElo "1977"]
[BlackElo "1936"]
[Annotator "NA"]
[PlyCount "49"]
[EventDate "2019.05.18"]
[EventType "swiss"]
[EventCountry "RSA"]
[SourceTitle "playchess.com"]
[Source "ChessBase"]
[SourceQuality "1"]
[TimeControl "1500+10"]

1. b3 d5 2. Bb2 Nc6 3. e3 Nf6 4. f4 d4 5. exd4 Nxd4 6. Nf3 Bg4 7. Bxd4 Bxf3 8. Qxf3 Qxd4 9. Qxb7 Rd8 10. Bb5+ Nd7 11. Nc3 e6 12. O-O-O Ba3+ 13. Kb1 O-O 14. Bxd7 Rxd7 15. Qe4 Qf6 16. Qa4 Qe7 17. d4 Rfd8 18. Nb5 Bc5 19. c3 c6 20. Nc7 Bb6 21. Na6 c5 22. Rd3 cxd4 23. c4 e5 24. fxe5 Qxe5 25. Nb4 1/2-1/2

[Event "SWVG Arnold Classic Prestige All 2019"]
[Site "Sandton"]
[Date "2019.05.18"]
[Round "5.9"]
[White "Smit, Devon"]
[Black "Bhawoodien, Shabir Hussain"]
[Result "0-1"]
[ECO "C53"]
[WhiteElo "1743"]
[BlackElo "2020"]
[Annotator "NA"]
[PlyCount "140"]
[EventDate "2019.05.18"]
[EventType "swiss"]
[EventCountry "RSA"]
[SourceTitle "playchess.com"]
[Source "ChessBase"]
[SourceQuality "1"]
[TimeControl "1500+10"]

1. e4 e5 2. Nf3 Nc6 3. Bc4 Bc5 4. c3 Qe7 5. O-O Bb6 6. d4 d6 7. Ng5 Nh6 8. d5 Nb8 9. Kh1 O-O 10. h3 Nd7 11. Nf3 Qf6 12. Bg5 Qg6 13. Qc1 Qxe4 14. Bxh6 gxh6 15. Qxh6 Qg6 16. Qxg6+ hxg6 17. a4 a5 18. Nbd2 f5 19. Rad1 Nc5 20. b3 Kg7 21. Bb5 Kf6 22. b4 Na6 23. Bxa6 Rxa6 24. b5 Ra8 25. Nc4 Bc5 26. Rb1 b6 27. Rbd1 g5 28. Ne1 Rh8 29. Kg1 Rh4 30. Nb2 Bd7 31. Ned3 Ba3 32. Ra1 Bxb2 33. Nxb2 g4 34. hxg4 Rxg4 35. f3 Rg3 36. Kf2 Rag8 37. Rg1 f4 38. Nc4 e4 39. fxe4 Rxc3 40. Rac1 Rgg3 41. Nd2 Ra3 42. Rxc7 Ra2 43. Rxd7 Rxd2+ 44. Ke1 Ra2 45. Rxd6+ Ke5 46. Rc6 f3 47. Rf1 fxg2 48. Rg1 Re3+ 49. Kd1 Rf2 50. Rc1 Ree2 51. Rb1 Rd2+ 52. Kc1 Rc2+ 53. Kd1 Ra2 54. Ke1 Kxe4 55. d6 Rfe2+ 56. Kd1 Red2+ 57. Ke1 Rxd6 58. Rc1 Rdd2 59. Rb1 Re2+ 60. Kd1 Rad2+ 61. Kc1 Kd3 62. Rb3+ Kc4 63. Rb1 Kc3 64. Ra1 Rf2 65. Ra3+ Kb4 66. Ra1 Kb3 67. Rb1+ Kxa4 68. Ra1+ Kb4 69. Rb1+ Kc3 70. Ra1 Rf1+ 0-1

[Event "SWVG Arnold Classic Prestige All 2019"]
[Site "Sandton"]
[Date "2019.05.18"]
[Round "5.12"]
[White "Van Der Walt, Pierre E."]
[Black "Steyn, Hans"]
[Result "1-0"]
[ECO "C15"]
[WhiteElo "1993"]
[BlackElo "1863"]
[Annotator "NA"]
[PlyCount "77"]
[EventDate "2019.05.18"]
[EventType "swiss"]
[EventCountry "RSA"]
[SourceTitle "playchess.com"]
[Source "ChessBase"]
[SourceQuality "1"]
[TimeControl "1500+10"]

1. e4 e6 2. d4 d5 3. Nc3 Bb4 4. Nge2 Nf6 5. e5 Nfd7 6. a3 Be7 7. f4 c5 8. Be3 Nc6 9. Qd2 a6 10. dxc5 Nxc5 11. Nd4 Qc7 12. g3 b5 13. Nxc6 Qxc6 14. Bg2 Bb7 15. O-O Rc8 16. f5 Ne4 17. Nxe4 dxe4 18. f6 gxf6 19. exf6 Bc5 20. c3 Rd8 21. Qf2 Bd6 22. Rad1 O-O 23. Qe2 Kh8 24. Rd4 Bc5 25. Rxe4 Qb6 26. Re5 Bxe3+ 27. Qxe3 Qxe3+ 28. Rxe3 Bxg2 29. Kxg2 h6 30. Re5 Kh7 31. Rf2 Kg6 32. a4 bxa4 33. Ra5 Rd6 34. Rxa4 Rb8 35. Rg4+ Kh5 36. Rg7 Rb7 37. Rf4 Rxb2+ 38. Kh3 Rxh2+ 39. Kxh2 1-0

[Event "SWVG Arnold Classic Prestige All 2019"]
[Site "Sandton"]
[Date "2019.05.18"]
[Round "6.2"]
[White "Cawdery, Daniel"]
[Black "Zwakala, Ntando"]
[Result "1/2-1/2"]
[ECO "B08"]
[WhiteElo "2428"]
[BlackElo "2088"]
[Annotator "NA"]
[PlyCount "40"]
[EventDate "2019.05.18"]
[EventType "swiss"]
[EventCountry "RSA"]
[SourceTitle "playchess.com"]
[Source "ChessBase"]
[SourceQuality "1"]
[TimeControl "1500+10"]

1. d4 Nf6 2. Nf3 g6 3. Nc3 Bg7 4. e4 d6 5. Bg5 O-O 6. Qd2 c6 7. O-O-O b5 8. e5 b4 9. exf6 bxc3 10. Qxc3 exf6 11. Bf4 a5 12. Qa3 d5 13. Bd3 Na6 14. c3 Re8 15. Rhe1 Be6 16. h4 h5 17. Kb1 a4 18. Re2 Bf8 19. Bd6 Bg7 20. Ree1 Nb8 1/2-1/2

[Event "SWVG Arnold Classic Prestige All 2019"]
[Site "Sandton"]
[Date "2019.05.18"]
[Round "6.5"]
[White "Mpya, Tshediso M"]
[Black "Mthunzi, Brighton"]
[Result "1/2-1/2"]
[ECO "D02"]
[WhiteElo "1936"]
[BlackElo "2006"]
[Annotator "NA"]
[PlyCount "20"]
[EventDate "2019.05.18"]
[EventType "swiss"]
[EventCountry "RSA"]
[SourceTitle "playchess.com"]
[Source "ChessBase"]
[SourceQuality "1"]
[TimeControl "1500+10"]

1. d4 Nf6 2. Bf4 g6 3. Nd2 d5 4. e3 Bg7 5. Ngf3 O-O 6. h3 c5 7. c3 cxd4 8. cxd4 Nc6 9. Be2 Bf5 10. O-O Rc8 1/2-1/2

[Event "SWVG Arnold Classic Prestige All 2019"]
[Site "Sandton"]
[Date "2019.05.18"]
[Round "6.6"]
[White "Bhawoodien, Shabir Hussain"]
[Black "Masiya, Mfundo"]
[Result "1-0"]
[ECO "A36"]
[WhiteElo "2020"]
[BlackElo "1977"]
[Annotator "NA"]
[PlyCount "147"]
[EventDate "2019.05.18"]
[EventType "swiss"]
[EventCountry "RSA"]
[SourceTitle "playchess.com"]
[Source "ChessBase"]
[SourceQuality "1"]
[TimeControl "1500+10"]

1. e4 c5 2. c4 g6 3. Nc3 Bg7 4. g3 Nc6 5. Bg2 d6 6. Nge2 Nf6 7. d3 O-O 8. O-O a6 9. Be3 Rb8 10. a4 Ne8 11. f4 Nc7 12. f5 e6 13. g4 b5 14. axb5 axb5 15. cxb5 Rxb5 16. Nxb5 Nxb5 17. Qd2 Nbd4 18. Nxd4 Nxd4 19. Bxd4 Bxd4+ 20. Kh1 Qh4 21. Qe2 Re8 22. Ra8 exf5 23. gxf5 Be5 24. Bf3 Kf8 25. Qf2 Qf6 26. b3 gxf5 27. Bg4 Qh6 28. Bxf5 Bxf5 29. Rxe8+ Kxe8 30. exf5 Ke7 31. f6+ Bxf6 32. Qf3 Qh4 33. Qb7+ Ke6 34. Qc8+ Ke7 35. Qb7+ Ke6 36. Qf3 Ke7 37. Qe4+ Qxe4+ 38. dxe4 Ke6 39. Kg2 Bg5 40. Rf5 f6 41. Kf3 h5 42. Kg3 h4+ 43. Kg4 Ke7 44. Rd5 Ke6 45. h3 Ke7 46. Kf5 Be3 47. Rd1 Bd4 48. Rd2 Kd7 49. Ra2 Be5 50. Ra6 Kc7 51. Ke6 Kb7 52. Rxd6 Bxd6 53. Kxd6 Kb6 54. Ke6 Kb5 55. Kxf6 Kb4 56. e5 Kxb3 57. e6 c4 58. e7 c3 59. e8=Q c2 60. Qb5+ Ka2 61. Qc4+ Kb2 62. Qb4+ Ka2 63. Qc3 Kb1 64. Kg5 c1=Q+ 65. Qxc1+ Kxc1 66. Kxh4 Kd2 67. Kg5 Kd3 68. h4 Kd4 69. h5 Kd5 70. Kg6 Ke6 71. Kg7 Kf5 72. h6 Kg5 73. h7 Kf5 74. h8=Q 1-0

[Event "SWVG Arnold Classic Prestige All 2019"]
[Site "Sandton"]
[Date "2019.05.18"]
[Round "6.7"]
[White "Simpson, Michael M"]
[Black "Erlank, Warrick"]
[Result "0-1"]
[ECO "A08"]
[WhiteElo "1995"]
[BlackElo "1967"]
[Annotator "NA"]
[PlyCount "78"]
[EventDate "2019.05.18"]
[EventType "swiss"]
[EventCountry "RSA"]
[SourceTitle "playchess.com"]
[Source "ChessBase"]
[SourceQuality "1"]
[TimeControl "1500+10"]

1. e4 e6 2. d3 d5 3. Nd2 Nf6 4. Ngf3 c5 5. c3 Nc6 6. g3 g6 7. Bg2 Bg7 8. O-O O-O 9. a3 a5 10. Re1 Re8 11. e5 Nd7 12. d4 cxd4 13. cxd4 f6 14. exf6 Bxf6 15. Nb3 a4 16. Nc5 Nxd4 17. Nxd7 Nxf3+ 18. Bxf3 Bxd7 19. Bh6 Bg7 20. Bxg7 Kxg7 21. Qd4+ Qf6 22. Qe3 Rac8 23. Rac1 Rc6 24. Be2 e5 25. Qa7 Rec8 26. Rcd1 d4 27. Qxb7 R8c7 28. Qb4 Rc2 29. Rd2 Rxd2 30. Qxd2 e4 31. Bf1 Bc6 32. Bg2 Re7 33. Qc2 d3 34. Qd2 Qd4 35. Qc3 Qxc3 36. bxc3 Bd5 37. Rc1 Bb3 38. Bf3 exf3 39. c4 d2 0-1

[Event "SWVG Arnold Classic Prestige All 2019"]
[Site "Sandton"]
[Date "2019.05.18"]
[Round "6.8"]
[White "Goosen, Anton"]
[Black "Mwale, Joseph"]
[Result "0-1"]
[ECO "C48"]
[WhiteElo "1947"]
[BlackElo "2274"]
[Annotator "NA"]
[PlyCount "134"]
[EventDate "2019.05.18"]
[EventType "swiss"]
[EventCountry "RSA"]
[SourceTitle "playchess.com"]
[Source "ChessBase"]
[SourceQuality "1"]
[TimeControl "1500+10"]

1. e4 e5 2. Nf3 Nf6 3. Nc3 Nc6 4. Bb5 Nd4 5. Nxd4 exd4 6. e5 dxc3 7. exf6 Qxf6 8. dxc3 c6 9. Bd3 d5 10. O-O Bd6 11. Re1+ Be6 12. Qh5 g6 13. Qh6 Bf8 14. Qf4 Qxf4 15. Bxf4 Bg7 16. Be5 Bxe5 17. Rxe5 Kd7 18. Rae1 Rhe8 19. f4 b5 20. h3 f5 21. g4 fxg4 22. hxg4 Bxg4 23. Rxd5+ Kc7 24. Rde5 Rxe5 25. Rxe5 Kd6 26. Kf2 Rf8 27. Kg3 Bf5 28. Re2 h5 29. Bxf5 Rxf5 30. b3 a5 31. a3 Kd5 32. Rd2+ Kc5 33. Rd4 Rd5 34. b4+ axb4 35. axb4+ Kd6 36. Rd3 Ke6 37. Re3+ Kf7 38. c4 bxc4 39. Re4 c5 40. Rxc4 cxb4 41. Rxb4 Rc5 42. c4 Kf6 43. Kf3 Rc8 44. Rb6+ Kg7 45. Rb4 Rc5 46. Ra4 Kh6 47. Kg3 Kg7 48. Rb4 Kf6 49. Rb6+ Kg7 50. Rb4 Rc8 51. Kf3 Kf6 52. Rb6+ Kg7 53. Rb4 Kf7 54. Rb7+ Kf6 55. Rb6+ Kg7 56. Rb7+ Kh6 57. Rb4 Rc5 58. Kg3 Rc6 59. Ra4 Kg7 60. Rb4 Kf6 61. Kf3 Ke6 62. Kg3 Ra6 63. Kh4 Ra1 64. Rb5 Rc1 65. Re5+ Kf6 66. Rc5 Rg1 67. f5 Rg4+ 0-1

[Event "SWVG Arnold Classic Prestige All 2019"]
[Site "Sandton"]
[Date "2019.05.18"]
[Round "6.9"]
[White "Simutowe, Musatwe"]
[Black "Fourie, Brandon"]
[Result "1-0"]
[ECO "E02"]
[WhiteElo "2170"]
[BlackElo "1566"]
[Annotator "NA"]
[PlyCount "93"]
[EventDate "2019.05.18"]
[EventType "swiss"]
[EventCountry "RSA"]
[SourceTitle "playchess.com"]
[Source "ChessBase"]
[SourceQuality "1"]
[TimeControl "1500+10"]

1. Nf3 Nf6 2. c4 e6 3. g3 Be7 4. Bg2 d5 5. O-O O-O 6. Qc2 dxc4 7. Qxc4 Nbd7 8. d4 a6 9. Nc3 b5 10. Qd3 Bb7 11. Rd1 c5 12. Bg5 h6 13. Bf4 c4 14. Qc2 Qa5 15. Ne1 Bxg2 16. Nxg2 Rac8 17. e4 b4 18. Ne2 c3 19. bxc3 bxc3 20. Ne1 Rc4 21. Rab1 Nb6 22. Rb3 Rfc8 23. Rdb1 Nfd7 24. Be3 Na4 25. Nd3 Bf8 26. Rb7 R8c7 27. Bf4 Rxb7 28. Rxb7 Nab6 29. Kg2 Qb5 30. f3 g5 31. Be3 Qc6 32. Ra7 Nc8 33. Rxd7 Qxd7 34. Ne5 Qa4 35. Qd3 Rc7 36. Nxc3 Qa3 37. Bd2 Nb6 38. Ng4 Bg7 39. Nf2 Rc4 40. e5 Rc7 41. Qb1 Nc8 42. Nce4 Qe7 43. Qb8 Kh7 44. Ba5 Rc2 45. Qb1 Rc6 46. Nf6+ Kh8 47. Qh7# 1-0

[Event "SWVG Arnold Classic Prestige All 2019"]
[Site "Sandton"]
[Date "2019.05.18"]
[Round "6.10"]
[White "Bucceri, Draven"]
[Black "Klevansky, Aron"]
[Result "1/2-1/2"]
[ECO "A48"]
[WhiteElo "1633"]
[BlackElo "1878"]
[Annotator "NA"]
[PlyCount "42"]
[EventDate "2019.05.18"]
[EventType "swiss"]
[EventCountry "RSA"]
[SourceTitle "playchess.com"]
[Source "ChessBase"]
[SourceQuality "1"]
[TimeControl "1500+10"]

1. d4 Nf6 2. Bf4 g6 3. e3 Bg7 4. c3 d6 5. Be2 O-O 6. h3 c5 7. Nf3 b6 8. O-O Bb7 9. Nbd2 Nc6 10. a4 cxd4 11. exd4 Nd7 12. Nc4 Na5 13. b4 Nxc4 14. Bxc4 Rc8 15. Qb3 e5 16. Bg5 Qc7 17. Bb5 a6 18. Bxd7 Qxd7 19. dxe5 dxe5 20. Nd2 Qc6 21. f3 Qxc3 1/2-1/2

[Event "SWVG Arnold Classic Prestige All 2019"]
[Site "Sandton"]
[Date "2019.05.18"]
[Round "6.11"]
[White "Sithole, Collins"]
[Black "Van Der Walt, Pierre E."]
[Result "1/2-1/2"]
[ECO "D85"]
[WhiteElo "1861"]
[BlackElo "1993"]
[Annotator "NA"]
[PlyCount "177"]
[EventDate "2019.05.18"]
[EventType "swiss"]
[EventCountry "RSA"]
[SourceTitle "playchess.com"]
[Source "ChessBase"]
[SourceQuality "1"]
[TimeControl "1500+10"]

1. Nf3 Nf6 2. c4 g6 3. Nc3 Bg7 4. d4 d5 5. cxd5 Nxd5 6. e4 Nxc3 7. bxc3 c5 8. Be3 Qa5 9. Qb3 O-O 10. Bc4 Nc6 11. O-O Bg4 12. Ng5 cxd4 13. Bxf7+ Kh8 14. cxd4 h6 15. Nf3 Bxf3 16. gxf3 Nxd4 17. Bxd4 Bxd4 18. Rad1 Qg5+ 19. Kh1 Be5 20. Rd5 Qf4 21. Rxe5 Qxe5 22. Rg1 Qf6 23. Bxg6 Qxf3+ 24. Rg2 Qxb3 25. axb3 Rac8 26. h3 Rc1+ 27. Kh2 Rb1 28. Bf5 Rxb3 29. Rg6 Rf6 30. Rg2 a5 31. Bd7 b5 32. e5 Rf4 33. Be6 Rbf3 34. Rg8+ Kh7 35. Re8 Rxf2+ 36. Kg3 R2f3+ 37. Kg2 b4 38. Rxe7+ Kg6 39. Bg4 Rf2+ 40. Kg3 Rf7 41. Re6+ Kg7 42. Ra6 Ra2 43. Bh5 Re7 44. Kf4 Rf2+ 45. Ke4 Ra2 46. Rg6+ Kh7 47. Rb6 Rb2 48. Ra6 Rb3 49. Bg4 Ra3 50. Bf5+ Kg7 51. Rg6+ Kf7 52. Rxh6 Rg3 53. Ra6 Rg1 54. Rxa5 Re1+ 55. Kf4 b3 56. Rb5 Rf1+ 57. Kg5 Re1 58. e6+ Kg7 59. Rxb3 Re5 60. Kf4 Rc5 61. Rg3+ Kf8 62. Rg6 Rg7 63. Rh6 Ke7 64. h4 Rc4+ 65. Ke5 Rc5+ 66. Ke4 Rc4+ 67. Kd5 Rf4 68. Ke5 Ra4 69. h5 Ra5+ 70. Kf4 Ra4+ 71. Be4 Rg1 72. Kf3 Rf1+ 73. Ke2 Rf6 74. Bg6 Rxe6+ 75. Kd3 Ra5 76. Rh7+ Kf6 77. Rf7+ Kg5 78. Rf1 Rd5+ 79. Kc4 Rd8 80. Rf5+ Kh6 81. Rc5 Red6 82. Bf7 Rd4+ 83. Kb5 Rb8+ 84. Ka5 Ra8+ 85. Kb5 Rb8+ 86. Ka5 Rd1 87. Rc6+ Kg7 88. Bc4 Ra1+ {[%emt 0:00:10] Bf7 [%clk 0:00:00] Kh7+ [%clk 0:00:00]} 89. Ba2 {[%emt 0:00:10] Kh6 [%clk 0:00:00]} 1/2-1/2

[Event "SWVG Arnold Classic Prestige All 2019"]
[Site "Sandton"]
[Date "2019.05.18"]
[Round "6.12"]
[White "Tapera, Uzeni"]
[Black "Smit, Devon"]
[Result "0-1"]
[ECO "B78"]
[WhiteElo "1748"]
[BlackElo "1743"]
[Annotator "NA"]
[PlyCount "144"]
[EventDate "2019.05.18"]
[EventType "swiss"]
[EventCountry "RSA"]
[SourceTitle "playchess.com"]
[Source "ChessBase"]
[SourceQuality "1"]
[TimeControl "1500+10"]

1. e4 c5 2. Nf3 d6 3. d4 cxd4 4. Nxd4 Nf6 5. Nc3 g6 6. Be3 Bg7 7. f3 Nc6 8. Qd2 O-O 9. Bc4 Bd7 10. O-O-O Rc8 11. Kb1 Nxd4 12. Qxd4 Ng4 13. Bxf7+ Rxf7 14. Qxa7 Ra8 15. Qb6 Nxe3 16. Qxe3 Qa5 17. Rd5 Qb4 18. Nd1 Be6 19. a3 Qc4 20. Rd3 Qa2+ 21. Kc1 Bc4 22. Rc3 Bxc3 23. Qxc3 Rc8 24. Kd2 Be6 25. Qe3 Qc4 26. Nc3 d5 27. exd5 Bxd5 28. Kc1 e6 29. Kb1 Qf4 30. Qe1 Qf5 31. h4 h5 32. g4 Qxf3 33. Nxd5 Qxd5 34. gxh5 Qxh5 35. Qxe6 Qf5 36. Qe2 Qf3 37. Qe1 Rcf8 38. Ka2 Qd5+ 39. b3 Rf2 40. Kb2 Qd4+ 41. Kb1 Qf6 42. Qe4 Rf1+ 43. Rxf1 Qxf1+ 44. Ka2 Qf5 45. Qc4+ Kh7 46. Kb2 Rc8 47. Qe2 Qf6+ 48. Ka2 Rc7 49. h5 g5 50. c4 Re7 51. Qd3+ Kh6 52. a4 Re1 53. Ka3 Ra1+ 54. Kb4 Re1 55. a5 Qe7+ 56. Kb5 Re5+ 57. Ka4 Qe6 58. b4 Re3 59. Qd4 Re5 60. b5 Kxh5 61. Qd1+ g4 62. Qh1+ Kg5 63. Qc1+ Re3 64. b6 Kg6 65. Qc2+ Qe4 66. Qxe4+ Rxe4 67. a6 bxa6 68. b7 Re8 69. c5 g3 70. c6 g2 71. c7 g1=Q 72. b8=Q Qa1+ {[%emt 0:00:10] Qc8 [%clk 0:00:00] Qd4+ [%clk 0:00:00]} 0-1

[Event "SWVG Arnold Classic Prestige All 2019"]
[Site "Sandton"]
[Date "2019.05.18"]
[Round "7.3"]
[White "Makoto, Rodwell"]
[Black "Oatlhotse, Providence"]
[Result "1-0"]
[ECO "A15"]
[WhiteElo "2369"]
[BlackElo "2289"]
[Annotator "ChessBase"]
[PlyCount "97"]
[EventDate "2019.05.18"]
[EventType "swiss"]
[EventCountry "RSA"]
[SourceTitle "playchess.com"]
[Source "ChessBase"]
[SourceQuality "1"]
[TimeControl "1500+10"]

1. Nf3 Nf6 2. c4 b6 3. g3 Ba6 4. d3 c6 5. e4 d5 6. e5 Nfd7 7. e6 fxe6 8. Ng5 Nf6 9. Nxe6 Qd6 10. Bh3 Bc8 11. Bf4 Qb4+ 12. Qd2 Qxd2+ 13. Nxd2 Na6 14. Nb3 h6 15. O-O-O Rg8 16. Rhe1 g5 17. Bd2 Bd7 18. Bc3 Kf7 19. Bxf6 Kxf6 20. Nxg5 Bxh3 21. Nxh3 e5 22. f4 Bd6 23. fxe5+ Bxe5 24. Re2 Rge8 25. Rf1+ Kg7 26. Rfe1 Nb4 27. Kd2 dxc4 28. Nc1 Kf6 29. Nf2 h5 30. a3 Nxd3 31. Ncxd3 cxd3 32. Nxd3 Rad8 33. Kc2 Rd5 34. Rf1+ Kg7 35. Rf5 Red8 36. Nxe5 Rc5+ 37. Kb3 Rdd5 38. Rxh5 a5 39. h4 Rb5+ 40. Ka2 Rbc5 41. Rg5+ Kf6 42. Rf2+ Ke6 43. Nf3 a4 44. Rxd5 Kxd5 45. h5 Ke4 46. h6 Ra5 47. h7 Ra8 48. Ng5+ Ke3 49. Rh2 1-0